 Dungeon Crawl Stone Soup version 0.28.0-45-g0d030f2227 (webtiles) character file.

Game seed: 12980530525225156120

471 Zeld the Shield-Bearer (level 6, -3/56 HPs)
             Began as a Minotaur Fighter on Apr 18, 2022.
             Was an Initiate of Trog.
             Slain by an ogre
             ... wielding a +0 giant club
              (26 damage)
             ... on level 5 of the Dungeon.
             The game lasted 00:06:05 (3702 turns).

Zeld the Shield-Bearer (Minotaur Fighter)           Turns: 3702, Time: 00:06:06

Health: -3/56      AC:  9    Str: 22    XL:     6   Next: 83%
Magic:  5/5        EV: 10    Int:  5    God:    Trog [......]
Gold:   79         SH:  5    Dex: 10    Spells: 5/5 levels left

rFire   . . .      SeeInvis .   a - +0 war axe
rCold   . . .      Faith    .   c - +0 buckler
rNeg    . . .      Spirit   .   b - +0 scale mail
rPois   .          Reflect  .   g - +2 hat
rElec   .          Harm     .   (no cloak)
rCorr   .          Rampage  .   (no gloves)
Will    .....                   (no boots)
Stlth   ..........              (no amulet)
HPRegen 0.18/turn               (no ring)
MPRegen 0.09/turn               (no ring)

@: no status effects
A: horns 2, retaliatory headbutt
a: Renounce Religion


You were on level 5 of the Dungeon.
You worshipped Trog.
Trog was noncommittal.
You visited 1 branch of the dungeon, and saw 5 of its levels.

You collected 179 gold pieces.
You spent 100 gold pieces at shops.

Inventory:

Hand Weapons
 a - a +0 war axe (weapon)
Armour
 b - a +0 scale mail (worn)
 c - a +0 buckler (worn)
 g - a +2 hat (worn)
Jewellery
 e - a ring of poison resistance
 r - a ring of protection from cold
Wands
 w - a wand of polymorph (6)
 x - a wand of acid (12)
Scrolls
 h - 4 scrolls of teleportation {unknown}
 i - a scroll of magic mapping {unknown}
 k - a scroll of enchant armour {unknown}
 m - 2 scrolls of identify {unknown}
 o - a scroll of holy word {unknown}
 p - 2 scrolls of fog {unknown}
 s - 3 scrolls of amnesia {unknown}
 t - 2 scrolls of vulnerability {unknown}
 u - a scroll of fear {unknown}
 v - a scroll of noise {unknown}
Potions
 d - 2 potions of might
 f - 2 potions of curing {unknown}
 j - a potion of lignification {unknown}
 l - a potion of mutation {unknown}
 n - 2 potions of ambrosia {unknown}
 q - 2 potions of haste {unknown}


   Skills:
 * Level 5.5 Fighting
 * Level 4.9 Axes
 + Level 4.7 Armour
 + Level 2.4 Dodging
 * Level 5.6 Shields


You had 5 spell levels left.
You didn't know any spells.
Your spell library was empty.

Dungeon Overview and Level Annotations

Branches:
Dungeon (5/15)
 Temple: D:4-7

Altars:
Gozag
Trog
Xom
The Shining One

Shops:
D:3 *


Innate Abilities, Weirdness & Mutations

You have a pair of horns on your head.
You reflexively headbutt those who attack you in melee.


Message History

You headbutt the hound zombie!
You destroy the hound zombie!
Trog accepts your kill.
No target in view!
No target in view!
You now have 79 gold pieces (gained 9).
q - 2 black potions (gained 1)
A gnoll comes into view. It is wielding a +0 flail.
Found a ring mail.
The gnoll shouts!
You hear a shout!
A gnoll is nearby!
A gnoll is nearby! 2 gnolls come into view.
A gnoll is wielding a +2 vorpal flail.
The gnoll shouts!
An ogre comes into view. It is wielding a +0 giant club.
Found a spear.
The ogre shouts!
You closely miss the gnoll. Your headbutt misses the gnoll.
The gnoll barely misses you. The gnoll barely misses you.
The gnoll hits you with a +2 vorpal flail!
You closely miss the gnoll. You hit the gnoll but do no damage.
The gnoll hits you with a +0 flail! The gnoll barely misses you.
You furiously retaliate!
You headbutt the gnoll! You slash the gnoll!
You kill the gnoll!
Trog accepts your kill.
You hit the gnoll. The gnoll hits you with a +0 flail.
The gnoll hits you from afar with a +0 spear.
The gnoll hits you with a +0 flail.
The gnoll hits you from afar with a +0 spear.
You slash the gnoll!
You kill the gnoll!
Trog accepts your kill.
The gnoll hits you from afar with a +0 spear.
The gnoll hits you but does no damage.
You slash the ogre!
The ogre is heavily wounded.
The ogre hits you with a +0 giant club!!
You die...

..######.#...##############.#
..................... #.#
..######.....######## #.#
.................... #.#
##.#####.....#.#.... #.#
##..# #.#####.# ## #.# ###.##
#.# . #.#
###..###.############### #.#
'...........g..O@......# #.#
####.#.....###########.####.#
# #.#.....# #.#.#.#....#
#.#.....# #...#.#.####
####.......# #.#.#.#.#######
...##......# #.#.#.#.#.....#
...).......# #.#.#.#.#.###.#
.).##.##.#.# #.#.#.#.#.# #=#
...#.....#.# #.#.......# #.#


You could see an ogre and a gnoll.

Vanquished Creatures
  A necrophage (D:4)
  An ogre (D:4)
  A phantom (D:4)
  A hound (D:4)
  An iguana (D:4)
  A hound zombie (D:5)
  2 gnolls (D:5)
  3 adders
  An adder skeleton (D:4)
  3 worms (D:3)
  3 dart slugs
  4 orcs
  10 bats
  8 endoplasms
  4 giant cockroaches
  4 goblins
  8 hobgoblins
  7 jackals
  4 quokkas
  3 ball pythons
  6 frilled lizards
  6 kobolds
  6 rats
88 creatures vanquished.

Vanquished Creatures (others)
  5 plants (D:1)
5 creatures vanquished.

Grand Total: 93 creatures vanquished

Notes
Turn   | Place    | Note
-------+----------+-------------------------------------------
     0 | D:1      | Zeld the Minotaur Fighter began the quest for the Orb.
     0 | D:1      | Reached XP level 1. HP: 19/19 MP: 0/0
    74 | D:1      | Found a faded altar of an unknown god.
   240 | D:1      | Reached XP level 2. HP: 26/27 MP: 1/1
   729 | D:2      | Reached XP level 3. HP: 33/33 MP: 2/2
  1377 | D:3      | Found a glowing golden altar of the Shining One.
  1562 | D:3      | Reached skill level 1 in Dodging
  1562 | D:3      | Reached XP level 4. HP: 37/40 MP: 3/3
  1925 | D:3      | Found Godaogh's Assorted Antiques.
  1932 | D:3      | Identified the +2 pair of boots of Resonance {rC+ rN+
                  | Dex-4}
  1936 | D:3      | Bought a scroll labelled JOEH UMATU for 25 gold pieces
  1936 | D:3      | Bought a scroll labelled SAUSAJ CULE for 25 gold pieces
  1936 | D:3      | Bought 2 scrolls labelled AVEIXO HYSENUI for 50 gold pieces
  2113 | D:3      | Found a bloodstained altar of Trog.
  2207 | D:3      | Became a worshipper of Trog the Wrathful
  2365 | D:4      | Noticed an ogre
  2651 | D:4      | Noticed a phantom
  2664 | D:4      | Reached XP level 5. HP: 34/47 MP: 4/4
  2673 | D:4      | Killed a phantom
  2674 | D:4      | Reached skill level 5 in Shields
  2910 | D:4      | Reached skill level 5 in Fighting
  3060 | D:4      | Found an opulent altar of Gozag.
  3066 | D:4      | Noticed a necrophage
  3071 | D:4      | Killed a necrophage
  3072 | D:4      | Reached XP level 6. HP: 56/56 MP: 5/5
  3114 | D:4      | Found a shimmering altar of Xom.
  3498 | D:5      | Entered Level 5 of the Dungeon
  3702 | D:5      | Slain by an ogre

Illustrated notes

Levels and vault maps discovered:
D:1:      eino_arrival_water_cross, layout_rooms, basic_ecumenical_altar
D:2:      layout_basic
D:3:      layout_rooms, mainiacjoe_overflow_alcove_1, tso_altar, serial_shops,
          shop, minmay_vboxes
D:4:      layout_basic, mainiacjoe_overflow_catch_the_wave
D:5:      layout_basic

Skill      XL: |  1  2  3  4  5 |
---------------+----------------+-----
Fighting       | 4 5 |  5.5
Axes           | 3 4 |  4.9
Shields        | 4 5 |  5.6
Armour         | 4 |  4.7
Dodging        | 1 2 |  2.4

Action                   |  1- 3 |  4- 6 || total
-------------------------+-------+-------++-------
Melee: War axe           |    94 |   112 ||   206
       Headbutt          |     8 |    14 ||    22
Armor: Scale mail        |    51 |    66 ||   117
Dodge: Dodged            |    53 |    53 ||   106
Block: Buckler           |    22 |    27 ||    49
